 Dungeon Crawl Stone Soup version 0.24-a0-307-gf989941d98 (webtiles) character file.

Game seed: 8013062473146702162

45 MachJacob the Gusty (level 3, -5/24 HPs)
             Began as a Barachi Air Elementalist on May 13, 2019.
             Slain by an iguana (6 damage)
             ... on level 4 of the Dungeon.
             The game lasted 00:08:11 (3344 turns).

MachJacob the Gusty (Barachi Air Elementalist)      Turns: 3344, Time: 00:08:12

Health: -5/24      AC:  3    Str:  9    XL:     3   Next: 64%
Magic:  1/6        EV: 13    Int: 16    God:
Gold:   154        SH:  3    Dex: 12    Spells: 4/7 levels left

rFire    . . .     SeeInvis .   b - +0 dagger
rCold    . . .     Gourm    .   (no shield)
rNeg     . . .     Faith    .   a - +0 robe
rPois    .         Spirit   .   q - +0 helmet
rElec    .         Reflect  +   (no cloak)
rCorr    .         Harm     .   (no gloves)
MR       .....                  (no boots)
Stlth    ++........             l - +3 amulet of reflection
HPRegen  0.08/turn              (no ring)
MPRegen  0.10/turn              (no ring)

@: hasted, quick
A: +LOS, swims, slowness 1, strong legs 1
a: Hop


You were on level 4 of the Dungeon.
You were not hungry.

You visited 1 branch of the dungeon, and saw 4 of its levels.

You collected 154 gold pieces.

Inventory:

Hand Weapons
 b - a +0 dagger (weapon)
Missiles
 e - 114 stones (quivered)
Armour
 a - a +0 robe (worn)
 q - a +0 helmet (worn)
Jewellery
 l - a +3 amulet of reflection (around neck)
 r - an uncursed amulet of harm {unknown}
Scrolls
 f - 2 scrolls of remove curse
 h - a scroll of fog
 i - 2 scrolls of magic mapping
 j - a scroll of teleportation {unknown}
 o - a scroll of identify
 p - a scroll of immolation {unknown}
 u - a scroll of enchant weapon {unknown}
Potions
 g - a potion of ambrosia
 n - a potion of lignification {unknown}
 s - a potion of berserk rage {unknown}
 t - a potion of degeneration {unknown}
Comestibles
 c - 6 rations


   Skills:
 + Level 2.7 Dodging
 - Level 1.7 Stealth
 + Level 2.5 Spellcasting
 * Level 2.3 Conjurations
 * Level 3.8 Air Magic


You had 4 spell levels left.
You knew the following spells:

 Your Spells              Type           Power        Failure   Level  Hunger
a - Shock                 Conj/Air       ##..         5%          1    #......
b - Swiftness             Chrm/Air       #.......     14%         2    ##.....

Your spell library contained the following spells:

 Spells                   Type           Power        Failure   Level  Hunger
 Static Discharge         Conj/Air       ##......     16%         3    ###....
 Airstrike                Air            ##........   36%         4    #####..
 Lightning Bolt           Conj/Air       ##........   83%         5    ######.


Dungeon Overview and Level Annotations

Branches:
Dungeon (4/15)
 Temple: D:4-7

Altars:
Trog

Annotations:
D:3 exclusion: downstairs
D:4 Blork the orc


Innate Abilities, Weirdness & Mutations

Shadows flee at your approach. (+LOS)
You can swim through water.
You cover ground slowly.
You can hop short distances.


Message History

It was a potion of haste.
You feel yourself speed up. The ball python bites you.
* * * LOW HITPOINT WARNING * * *
The ball python constricts you. The iguana closely misses you.
The ball python bites you but does no damage.
The ball python constricts you.
It was a potion of curing.
You feel better.
Press: ? - help, v - describe, . - travel
Here: an iguana (moderately wounded)
The floor, spattered with blood.
You hit the ball python.
The ball python is moderately wounded.
The ball python barely misses you. The ball python constricts you.
The iguana bites you!
Ouch! That really hurt!
* * * LOW HITPOINT WARNING * * *
You hit the ball python.
You kill the ball python!
The iguana bites you.
You die...

#........
#...>...#.......
#.......#....>.
#.......#.....
#.......#....
#.......#...#
#.......#...# #####
#.......#l†.##....#
#.......#@........#
#######.......#.........#
........<.....#.........#
.......########....#...##
......o ####.# ### ......
#.<.## ......
...........# #####
...........# ...........#


You could see an iguana.

Vanquished Creatures
  A worm (D:3)
  An orc (D:4)
  2 ball pythons
  4 bats
  3 giant cockroaches
  7 goblins
  7 hobgoblins
  A frilled lizard (D:3)
  6 kobolds
  7 rats
39 creatures vanquished.

Notes
Turn   | Place    | Note
-------+----------+-------------------------------------------
     0 | D:1      | MachJacob the Barachi Air Elementalist began the quest for
                  | the Orb.
     0 | D:1      | Reached XP level 1. HP: 13/13 MP: 3/3
   397 | D:1      | Reached XP level 2. HP: 19/19 MP: 3/5
   643 | D:1      | Learned a level 2 spell: Swiftness
  1351 | D:2      | Found a bloodstained altar of Trog.
  2307 | D:2      | Found a bloodstained altar of Trog.
  2419 | D:3      | Reached XP level 3. HP: 24/24 MP: 3/6
  3301 | D:4      | Noticed Blork the orc
  3343 | D:4      | HP: 1/24 [iguana (12)]
  3344 | D:4      | Slain by an iguana

Levels and vault maps discovered:
D:1:      onia_arrival_mini_spirals, layout_basic, serial_aquarium,
          aquarium_bridge_long_joined [aquarium_subvault_wall,
          aquarium_subvault_bridge, aquarium_subvault_bridge,
          aquarium_subvault_wall, aquarium_subvault_wall,
          aquarium_subvault_balcony], aquarium_bridge_straight
          [aquarium_subvault_bridge, aquarium_subvault_wall,
          aquarium_subvault_bridge, aquarium_subvault_wall], aquarium_window_1,
          aquarium_window_2, aquarium_view_2d, aquarium_pool_corner
D:2:      layout_basic, bloody_trog, first_ration
D:3:      layout_rooms
D:4:      layout_gridville, minmay_temple_entry_drinking_statues,
          minmay_box_of_dots, uniq_blork_the_orc, uniq_pikel

Skill      XL: |  1  2 |
---------------+-------+-----
Conjurations   | 2 |  2.3
Dodging        | |  2.7
Stealth        | |  1.7
Spellcasting   | |  2.5
Air Magic      | |  3.8

Action                   || total
-------------------------++-------
Melee: Dagger            ||    15
 Cast: Shock             ||    83
  Use: Scroll            ||     5
       Potion            ||     2
  Eat: Chunk             ||     6
       Ration            ||     1
Armor: Robe              ||    16
Dodge: Dodged            ||    29
Block: Other             ||     1

Table legend:
 A = Non-vault XP
 B = Vault XP
 C = Vault XP percentage of total XP
 D = Non-vault monster count
 E = Vault monster count
 F = Vault count percentage of total count
                 A         B        C        D         E       F
            +---------+---------+-------+---------+---------+-------
      Total |      65 |       0 |   0.0 |      39 |       0 |   0.0
            +---------+---------+-------+---------+---------+-------
        D:1 |      19 |       0 |   0.0 |      13 |       0 |   0.0
        D:2 |       9 |       0 |   0.0 |       6 |       0 |   0.0
        D:3 |      33 |       0 |   0.0 |      18 |       0 |   0.0
        D:4 |       4 |       0 |   0.0 |       2 |       0 |   0.0
            +---------+---------+-------+---------+---------+-------
